 Dungeon Crawl Stone Soup version 0.28.0-45-g0d030f2227 (webtiles) character file.

Game seed: 10753180429787478030

156 Icepheonix32 the Skirmisher (level 5, -7/42 HPs)
             Began as a Demonspawn Fighter on Apr 12, 2022.
             Mangled by Grinder (9 damage)
             ... on level 3 of the Dungeon.
             The game lasted 00:02:32 (2902 turns).

Icepheonix32 the Skirmisher (Demonspawn Fighter)    Turns: 2902, Time: 00:02:32

Health: -7/42      AC:  6    Str: 18    XL:     5   Next: 14%
Magic:  5/5        EV:  9    Int:  9    God:
Gold:   134        SH:  5    Dex: 19    Spells: 4/4 levels left

rFire   . . .      SeeInvis .   m - staff of cold
rCold   + . .      Faith    .   c - +0 buckler
rNeg    . . .      Spirit   .   b - +0 scale mail
rPois   .          Reflect  .   (no helmet)
rElec   .          Harm     .   (no cloak)
rCorr   .          Rampage  .   (no gloves)
Will    .....                   (no boots)
Stlth   ..........              (no amulet)
HPRegen 0.14/turn               h - +6 ring of dexterity
MPRegen 0.09/turn               (no ring)

@: hasted, very quick
A: spiny 1, weakness stinger 2
a: no special abilities


You were on level 3 of the Dungeon.
You visited 1 branch of the dungeon, and saw 3 of its levels.

You collected 134 gold pieces.

Inventory:

Hand Weapons
 a - a +0 war axe
Armour
 b - a +0 scale mail (worn)
 c - a +0 buckler (worn)
Magical Staves
 l - a staff of conjuration
 m - a staff of cold (weapon)
Jewellery
 h - a +6 ring of dexterity (left hand)
Scrolls
 e - 2 scrolls of identify {unknown}
 f - a scroll of vulnerability {unknown}
 g - a scroll of amnesia {unknown}
 j - a scroll of magic mapping {unknown}
Potions
 k - a potion of degeneration {unknown}


   Skills:
 * Level 3.9 Fighting
 - Level 2.4 Axes
 + Level 0.1 Staves
 + Level 3.4 Armour
 + Level 0.1 Dodging
 + Level 3.4 Shields
 * Level 0.5 Ice Magic
 * Level 1.1 Evocations


You had 4 spell levels left.
You didn't know any spells.
Your spell library contained the following spells:

 Spells                   Type           Power      Damage    Failure   Level
 Pain                     Necr           0%         1d4       86%         1
 Summon Small Mammal      Summ           0%         N/A       86%         1
 Call Canine Familiar     Summ           0%         N/A       99%         3
 Summon Guardian Golem    Hex/Summ       0%         N/A       99%         3
 Agony                    Necr           0%         N/A       100%        5
 Excruciating Wounds      Necr           0%         N/A       100%        5


Dungeon Overview and Level Annotations

Branches:
Dungeon (3/15)

Altars:
Qazlal
Ru
Vehumet

Annotations:
D:3 Grinder


Innate Abilities, Weirdness & Mutations

You are partially covered in sharp spines.
You have a tail ending in a sharp stinger.


Message History

Grinder gestures at you. Pain shoots through your body!
* * * LOW HITPOINT WARNING * * *
Unknown command.
You feel better.
Grinder says, "DUCK!"
Grinder barely misses you.
You hit Grinder.
Grinder is severely wounded.
You block Grinder's attack.
You hit Grinder.
Grinder is severely wounded.
Grinder barely misses you.
You barely miss Grinder.
Grinder is severely wounded.
You hit Grinder. You tail-slap Grinder.
Grinder is almost dead.
Grinder gestures at you.
You suddenly lose the ability to move!
Grinder blinks!
Grinder is struck by your spines. Grinder hits you.
* * * LOW HITPOINT WARNING * * *
You writhe in agony.
* * * LOW HITPOINT WARNING * * *
Grinder gestures at you.
You shrug off the repeated paralysis!
Grinder barely misses you. Grinder gestures at you.
You barely resist. Grinder gestures at you. Pain shoots through your body!
* * * LOW HITPOINT WARNING * * *
Grinder gestures at you.
You shrug off the repeated paralysis!
You can move again.
Unknown command.
You hit Grinder but do no damage.
Grinder is almost dead.
Grinder hits you!
You die...

..#
#.#
#.#
###
#.#
..#
#.#
#.#
#.#
#.#
#.#
#.#
..#
#.#
###
#@#
#5#
#.#
#.#
###
#.#
..#
#.#
..#
#.#
..#
#.#
..#.#
#$##


You could see Grinder.

Vanquished Creatures
  Natasha (twice) (D:2)
  5 adders
  A worm (D:2)
  2 dart slugs
  6 ball pythons
  5 endoplasms
  3 giant cockroaches
  7 goblins
  5 hobgoblins
  2 jackals (D:2)
  2 quokkas (D:1)
  4 bats
  5 frilled lizards
  9 rats
58 creatures vanquished.

Notes
Turn   | Place    | Note
-------+----------+-------------------------------------------
     0 | D:1      | Icepheonix32 the Demonspawn Fighter began the quest for the
                  | Orb.
     0 | D:1      | Reached XP level 1. HP: 18/18 MP: 1/1
   190 | D:1      | Found a faded altar of an unknown god.
   250 | D:1      | Gained mutation: You are partially covered in sharp spines.
                  | [demonic ancestry]
   250 | D:1      | Reached XP level 2. HP: 23/24 MP: 2/2
   902 | D:2      | Gained mutation: You have a small tail. [demonic ancestry]
   902 | D:2      | Reached XP level 3. HP: 28/29 MP: 3/3
  2072 | D:2      | Reached XP level 4. HP: 33/35 MP: 4/4
  2094 | D:2      | Noticed Natasha
  2111 | D:2      | Killed Natasha
  2180 | D:2      | Noticed Natasha
  2186 | D:2      | Killed Natasha
  2408 | D:3      | Reached skill level 1 in Evocations
  2523 | D:3      | Gained mutation: You have a tail ending in a sharp stinger.
                  | [demonic ancestry]
  2523 | D:3      | Reached XP level 5. HP: 38/42 MP: 5/5
  2715 | D:3      | Found a radiant altar of Vehumet.
  2720 | D:3      | Found a stormy altar of Qazlal.
  2728 | D:3      | Found a sacrificial altar of Ru.
  2844 | D:3      | Noticed Grinder
  2849 | D:3      | Paralysed by Grinder for 3 turns
  2857 | D:3      | Paralysed by Grinder for 5 turns
  2869 | D:3      | Paralysed by Grinder for 2 turns
  2873 | D:3      | Paralysed by Grinder for 2 turns
  2878 | D:3      | Paralysed by Grinder for 7 turns
  2893 | D:3      | Paralysed by Grinder for 7 turns
  2899 | D:3      | HP: 2/42 [Grinder/nerve-wracking pain (7)]
  2902 | D:3      | Mangled by Grinder

Illustrated notes

Levels and vault maps discovered:
D:1:      dpeg_arrival_pits, layout_basic, ebering_ecumenical_altar_mist,
          roderic_roman_lattice, serial_bayou_pond_d, minivault_26
D:2:      layout_basic, uniq_natasha
D:3:      layout_loops_ring, grunt_temple_overflow_diamond, uniq_grinder

Skill      XL: |  1  2  3  4 |
---------------+-------------+-----
Axes           | 2 |  2.4
Shields        | 3 |  3.4
Armour         | 3 |  3.4
Evocations     | 1 |  1.1
Fighting       | |  3.9
Staves         | |  0.1
Dodging        | |  0.1
Ice Magic      | |  0.5

Action                   |  1- 3 |  4- 6 || total
-------------------------+-------+-------++-------
Melee: War axe           |    61 |       ||    61
       Staff             |    18 |    62 ||    80
       Tailslap          |     4 |    12 ||    16
  Use: Potion            |       |     7 ||     7
Armor: Scale mail        |    29 |    15 ||    44
Dodge: Dodged            |    26 |    22 ||    48
Block: Buckler           |    14 |    18 ||    32
